 Dungeon Crawl Stone Soup version 0.19.5 (webtiles) character file.

19695 theElss the Thaumaturge (level 12, -45/66 HPs)
             Began as a Deep Elf Conjurer on Apr 17, 2017.
             Was a High Priest of Vehumet.
             Annihilated by a very large slime creature (61 damage)
             ... on level 12 of the Dungeon.
             The game lasted 01:02:12 (16733 turns).

theElss the Thaumaturge (Deep Elf Conjurer)        Turns: 16733, Time: 01:02:13

Health: -45/66     AC:  6    Str:  6    XL:     12   Next: 38%
Magic:  0/31       EV: 16    Int: 25    God:    Vehumet [*****.]
Gold:   818        SH: 11    Dex: 15    Spells: 8 memorised, 6 levels left

rFire  + . .     SeeInvis .     q - +1 morningstar "Utich" {freeze, rN+} (curse)
rCold  + . .     Gourm    .     V - +2 robe {rC+ rF+}
rNeg   + . .     Faith    .     J - +0 shield
rPois  .         Spirit   .     C - +0 helmet
rElec  .         Reflect  .     B - +0 cloak
rCorr  .         Harm     .     (no gloves)
MR     +....                    (no boots)
Stlth  ++........               s - amulet of regeneration
                                N - +6 ring of slaying
                                p - +2 ring of evasion

@: no status effects
A: no striking features
a: Renounce Religion


You were on level 12 of the Dungeon.
You worshipped Vehumet.
Vehumet was extremely pleased with you.
You were very hungry.

You visited 1 branch of the dungeon, and saw 12 of its levels.
You also visited: Ossuary.

You collected 818 gold pieces.

Inventory:

Hand Weapons
 q - the cursed +1 morningstar "Utich" (weapon) {freeze, rN+}
   (You took it off an orc warrior on level 10 of the Dungeon)

   It has been specially enchanted to freeze those struck by it, causing extra
   injury to most foes and up to half again as much damage against particularly
   susceptible opponents.
   It can also slow down cold-blooded creatures.
   It protects you from negative energy.
   It has a curse placed upon it.
 x - a +0 whip of electrocution
Armour
 a - a +0 robe
 B - a +0 cloak (worn)
 C - a +0 helmet (worn)
 J - a +0 shield (worn)
 V - a +2 robe of resistance (worn)
Jewellery
 p - a +2 ring of evasion (left hand)
 s - an amulet of regeneration (around neck)
 D - an uncursed ring of resist corrosion
 K - an uncursed ring of flight
 N - a +6 ring of slaying (right hand)
 P - an uncursed amulet of harm
 W - an uncursed ring of ice
Wands
 f - a wand of digging (12/24)
 u - a wand of slowing (15/48)
 O - a wand of enslavement (6/24)
 T - a wand of random effects (28/48)
 U - a wand of enslavement (9/24)
 X - a wand of heal wounds (3/9)
Scrolls
 d - 4 scrolls of remove curse
 h - 3 scrolls of enchant weapon {unknown}
 k - 2 scrolls of fear
 o - 4 scrolls of fog
 r - 2 scrolls of noise {unknown}
 v - a scroll of recharging {unknown}
 y - 3 scrolls of amnesia {unknown}
 G - a scroll of teleportation {unknown}
 I - 2 scrolls of immolation {unknown}
 L - 4 scrolls of enchant armour
 M - a scroll of vulnerability {unknown}
 Y - 2 scrolls of random uselessness {unknown}
Potions
 e - a potion of brilliance {unknown}
 g - 2 potions of cancellation {unknown}
 i - a potion of beneficial mutation {unknown}
 j - 4 potions of heal wounds
 l - 2 potions of mutation {unknown}
 n - 3 potions of ambrosia
 t - 4 potions of haste
 z - 6 potions of curing
 A - 5 potions of lignification
 E - 2 potions of flight {unknown}
 F - 3 potions of degeneration {unknown}
 H - 2 potions of magic {unknown}
 S - a potion of berserk rage {unknown}
Books
 b - a book of Conjurations

   Spells                             Type                      Level
   a - Magic Dart                     Conjuration                  1
   b - Searing Ray                    Conjuration                  2
   c - Dazzling Spray                 Conjuration/Hexes            3
   d - Fulminant Prism                Conjuration/Hexes            4
   e - Iskenderun's Mystic Blast      Conjuration                  4
   f - Iskenderun's Battlesphere      Conjuration/Charms           5
 R - a book of Enchantments

   Spells                             Type                      Level
   a - Cause Fear                     Hexes                        4
   b - Yara's Violent Unravelling     Hexes/Transmutation          5
   c - Silence                        Hexes/Air                    5
   d - Deflect Missiles               Charms/Air                   6
   e - Discord                        Hexes                        8
Comestibles
 c - 6 bread rations
 m - 4 fruits
 w - 2 meat rations
 Q - 5 royal jellies


   Skills:
 * Level 3.6 Fighting
 + Level 5.1 Dodging
 - Level 2.4 Stealth
 + Level 10.4 Shields
 + Level 13.3 Spellcasting
 + Level 11.3 Conjurations
 * Level 5.7 Fire Magic
 * Level 3.5 Evocations


You had 6 spell levels left.
You knew the following spells:

 Your Spells              Type           Power        Failure   Level  Hunger
a - Magic Dart            Conj           ####         1%          1    None
b - Iskenderun's Battles  Conj/Chrm      #####...     4%          5    ###....
c - Searing Ray           Conj           ######       1%          2    None
d - Iskenderun's Mystic   Conj           ######..     1%          4    None
e - Inner Flame           Hex/Fire       ####....     2%          3    None
f - Force Lance           Conj/Tloc      #####...     2%          4    None
g - Venom Bolt            Conj/Pois      #####.....   4%          5    ###....
h - Orb of Destruction    Conj           ######....   17%         7    ######.


Dungeon Overview and Level Annotations

Branches:
Dungeon (12/15)            Temple (0/1) D:5            Lair (0/6) D:8
    Orc (0/2) D:9

Altars:
Ashenzari
Kikubaaqudgha
Makhleb
Nemelex Xobeh
Qazlal
Vehumet
Zin
The Shining One

Shops:
D:5 %   D:8 :   D:11 *

Annotations:
D:9 Stil's ghost, journeyman MiFi


Message History

The very large slime creature hits you!!!
Ouch! That really hurt!
* * * LOW HITPOINT WARNING * * *
Unknown command.
Casting: Iskenderun's Mystic Blast
Confirm with . or Enter, or press ? or * to list all spells.
Aiming: Iskenderun's Mystic Blast
Press: ? - help, Shift-Dir - straight line, f/p - very large slime creature
Aim: a very large slime creature (almost dead)
The orb of energy hits the very large slime creature.
The very large slime creature is almost dead.
The orb of energy explodes!
The mystic blast hits the slime creature.
The slime creature is heavily wounded.
Your battlesphere fires!
The barrage of energy hits the very large slime creature.
The very large slime creature is almost dead.
The very large slime creature hits you!!!
Ouch! That really hurt!
You die...

##### ####.### #...# .....
#......######'###### ......
#.........##........
......####......##..'........
......J.##......#####........
#ยง##..*...# #........
#.##......# #........
#.##......# #........
#....J@...# #........
####.J....# #........
#####.## #........ .#
#######+# #


You could see a very large slime creature, a slime creature and a friendly
battlesphere.

Vanquished Creatures
  Erolcha (D:11)
  Fannar (D:10)
  Urug (D:10)
  Nergalle (D:10)
  The ghost of snowfan the Arsonist, a novice OpFE of Vehumet (D:11)
  2 unseen horrors (D:12)
  3 hill giants
  A manticore (D:11)
  3 cyclopes
  2 rust devils
  Psyche (D:8)
  A hornet (D:10)
  6 trolls
  A queen bee (D:8)
  3 hippogriffs
  2 wyverns
  11 yaks
  A wraith (D:12)
  2 hungry ghosts
  Menkaure (D:7)
  A sky beast (D:10)
  8 orc warriors
  4 ice beasts
  A black bear (D:11)
  A phantom (D:10)
  6 ogres
  4 centaurs
  A crocodile (D:11)
  A big kobold (D:7)
  2 elf zombies (D:6)
  A bullfrog (D:9)
  An elf skeleton (D:6)
  3 scorpions
  4 wights
  23 killer bees
  5 howler monkeys
  3 centaur zombies
  13 crimson imps
  4 bullfrog zombies
  A quasit (D:8)
  10 orc priests
  A centaur skeleton (D:6)
  2 human zombies (D:6)
  3 jellies
  Crazy Yiuf (D:5)
  A bullfrog skeleton (D:6)
  7 hounds
  12 orc wizards
  5 iguanas
  A human skeleton (D:6)
  5 worker ants
  2 hound zombies
  A hound skeleton (D:9)
  8 mummies (Ossuary)
  A worker ant zombie (D:5)
  4 gnolls (D:4)
  2 howler monkey zombies (D:5)
  11 adders
  11 river rats
  3 shadow imps
  2 oozes
  A worm (D:2)
  A dart slug (D:1)
  5 leopard geckos
  41 orcs
  11 bats
  6 giant cockroaches
  3 gnoll zombies (Ossuary)
  4 goblins
  5 hobgoblins
  4 jackals
  7 kobolds
  2 quokkas
  A ball python (D:2)
  4 frilled lizards
  3 hobgoblin zombies (Ossuary)
  2 kobold zombies (Ossuary)
  A quokka skeleton (D:7)
  31 rats
357 creatures vanquished.

Vanquished Creatures (others)
  An orc wizard (D:4)
  23 fungi (D:8)
  8 plants
32 creatures vanquished.

Grand Total: 389 creatures vanquished

Notes
Turn   | Place    | Note
-------+----------+-------------------------------------------
     0 | D:1      | theElss the Deep Elf Conjurer began the quest for the Orb.
     0 | D:1      | Reached XP level 1. HP: 10/10 MP: 6/6
   349 | D:1      | Reached XP level 2. HP: 15/15 MP: 6/8
   375 | D:1      | Learned a level 2 spell: Searing Ray
   725 | D:2      | Found a glowing silver altar of Zin.
   726 | D:2      | Found a stormy altar of Qazlal.
   726 | D:2      | Found a radiant altar of Vehumet.
   732 | D:2      | Became a worshipper of Vehumet
   771 | D:2      | Reached skill level 5 in Conjurations
   984 | D:2      | Reached XP level 3. HP: 17/19 MP: 6/10
  1420 | D:3      | Reached skill level 4 in Spellcasting
  1488 | D:3      | Reached XP level 4. HP: 24/24 MP: 9/12
  1909 | D:3      | Found a faded altar of an unknown god.
  1909 | D:3      | Found a faded altar of an unknown god.
  1914 | D:3      | Found a faded altar of an unknown god.
  1916 | D:3      | Found a faded altar of an unknown god.
  1917 | D:3      | Found a glowing golden altar of the Shining One.
  2098 | D:4      | Reached skill level 5 in Spellcasting
  2098 | D:4      | Reached XP level 5. HP: 28/28 MP: 7/14
  2502 | D:4      | Reached XP level 6. HP: 32/32 MP: 13/16
  2551 | D:4      | Reached * piety under Vehumet
  2551 | D:4      | Offered knowledge of Sting by Vehumet.
  2603 | D:4      | Found a shattered altar of Ashenzari.
  2826 | D:4      | Reached skill level 6 in Spellcasting
  2837 | D:4      | Learned a level 5 spell: Iskenderun's Battlesphere
  2842 | D:4      | Learned a level 4 spell: Iskenderun's Mystic Blast
  3219 | D:5      | Entered Level 5 of the Dungeon
  3381 | D:5      | Found a runed door.
  3787 | D:5      | Found Hiux's Food Shoppe.
  3889 | D:5      | Found a staircase to the Ecumenical Temple.
  3953 | D:5      | Reached XP level 7. HP: 36/36 MP: 14/19
  4042 | D:5      | Reached skill level 7 in Spellcasting
  4401 | D:5      | Reached ** piety under Vehumet
  4401 | D:5      | Offered knowledge of Sandblast by Vehumet.
  4628 | D:5      | Noticed Crazy Yiuf
  4631 | D:5      | Killed Crazy Yiuf
  4844 | D:6      | Reached skill level 8 in Spellcasting
  5013 | D:6      | Found a sand-covered staircase.
  5020 | D:6      | Reached XP level 8. HP: 41/41 MP: 6/22
  5049 | Ossuary  | Entered an ossuary
  5232 | Ossuary  | Reached skill level 9 in Spellcasting
  5376 | Ossuary  | Offered knowledge of Inner Flame by Vehumet.
  5381 | Ossuary  | Learned a level 3 spell: Inner Flame
  6298 | D:6      | Reached skill level 10 in Spellcasting
  6352 | D:6      | Found a burning altar of Makhleb.
  6620 | D:7      | Noticed a cyclops
  6624 | D:7      | Killed a cyclops
  6624 | D:7      | Reached *** piety under Vehumet
  6624 | D:7      | Reached skill level 1 in Fighting
  6624 | D:7      | Reached skill level 1 in Fire Magic
  6758 | D:7      | Reached XP level 9. HP: 47/47 MP: 19/25
  6789 | D:7      | Noticed Menkaure
  6794 | D:7      | Killed Menkaure
  6802 | D:6      | HP: 2/47 [killer bee (9)]
  6920 | D:7      | Reached skill level 11 in Spellcasting
  7267 | D:7      | Found a sparkling altar of Nemelex Xobeh.
  7389 | D:7      | Found an ancient bone altar of Kikubaaqudgha.
  7853 | D:7      | Reached skill level 10 in Conjurations
  8267 | D:8      | Offered knowledge of Force Lance by Vehumet.
  8283 | D:8      | Learned a level 4 spell: Force Lance
  8366 | D:8      | Reached skill level 12 in Spellcasting
  8547 | D:8      | Reached skill level 1 in Shields
  8642 | D:8      | Noticed a queen bee
  8784 | D:8      | Killed a queen bee
  8928 | D:8      | Reached XP level 10. HP: 46/52 MP: 17/28
  9059 | D:8      | Reached **** piety under Vehumet
  9254 | D:8      | Offered knowledge of Venom Bolt by Vehumet.
  9355 | D:7      | Learned a level 5 spell: Venom Bolt
  9394 | D:7      | Reached skill level 5 in Shields
  9672 | D:8      | Found Wulerill's Book Shoppe.
  9817 | D:8      | Found a staircase to the Lair.
 10301 | D:9      | Noticed Psyche
 10310 | D:8      | Killed Psyche
 10413 | D:9      | Reached ***** piety under Vehumet
 10548 | D:9      | Offered knowledge of Conjure Ball Lightning by Vehumet.
 10646 | D:9      | Found a staircase to the Orcish Mines.
 11265 | D:9      | Noticed Stil's ghost (journeyman MiFi)
 11543 | D:10     | Entered Level 10 of the Dungeon
 11628 | D:10     | Noticed Nergalle
 11634 | D:10     | Killed Nergalle
 11634 | D:10     | Reached XP level 11. HP: 56/56 MP: 9/29
 12023 | D:10     | Noticed Fannar
 12107 | D:10     | Killed Fannar
 13158 | D:10     | Noticed Urug
 13163 | D:10     | Killed Urug
 13163 | D:10     | Reached skill level 10 in Shields
 13453 | D:11     | Noticed a hill giant
 13457 | D:11     | Noticed Erolcha
 13457 | D:11     | Killed a hill giant
 13457 | D:11     | Reached skill level 1 in Evocations
 13670 | D:11     | Noticed snowfan's ghost (novice OpFE)
 13675 | D:11     | Killed snowfan's ghost
 13811 | D:11     | Noticed a hill giant
 14075 | D:11     | Killed Erolcha
 14085 | D:11     | Killed a hill giant
 14954 | D:11     | Found Jeipt's Changing Room.
 15027 | D:11     | Reached XP level 12. HP: 64/64 MP: 13/30
 15773 | D:10     | Reached skill level 5 in Fire Magic
 15803 | D:10     | Got a pitted morningstar {freeze}
 15804 | D:10     | Identified the cursed +1 morningstar "Utich" {freeze, rN+} (You took it off an orc warrior on level 10 of the Dungeon)
 16022 | D:12     | Reached skill level 5 in Dodging
 16022 | D:12     | Reached skill level 13 in Spellcasting
 16188 | D:12     | Offered knowledge of Orb of Destruction by Vehumet.
 16237 | D:12     | Learned a level 7 spell: Orb of Destruction
 16733 | D:12     | Annihilated by a very large slime creature

Skill      XL: |  1  2  3  4  5  6  7  8  9 10 11 12 |
---------------+-------------------------------------+-----
Conjurations   | 5 6 7 8 9 10 11 | 11.3
Spellcasting   | 4 5 6 8 10 12 13 | 13.3
Dodging        | 3 4 5 |  5.1
Fighting       | 1 2 3 |  3.6
Fire Magic     | 2 3 4 5 |  5.7
Shields        | 3 8 10 | 10.4
Evocations     | 2 3 |  3.5
Stealth        | |  2.4

Action                   |  1- 3 |  4- 6 |  7- 9 | 10-12 || total
-------------------------+-------+-------+-------+-------++-------
Melee: Mace              |       |     1 |       |       ||     1
       Whip              |       |     5 |    20 |     6 ||    31
 Cast: Magic Dart        |    46 |    84 |   192 |   176 ||   498
       Searing Ray       |     5 |    15 |    31 |    25 ||    76
       Iskenderun's Myst |       |     2 |    53 |   202 ||   257
       Iskenderun's Batt |       |       |     2 |    44 ||    46
  Use: Scroll            |       |       |     8 |     3 ||    11
  Eat: Chunk             |     2 |     7 |    14 |    20 ||    43
       Fruit             |       |       |     1 |       ||     1
       Beef jerky        |       |       |     1 |       ||     1
       Royal jelly       |       |       |       |     3 ||     3
       Pizza             |       |       |       |     1 ||     1
Armor: Robe              |       |     3 |    15 |    11 ||    29
Dodge: Dodged            |     5 |    31 |    66 |    55 ||   157
Block: Shield            |       |       |    12 |    57 ||    69
